 Dungeon Crawl Stone Soup version 0.22-a0-406-g9ff8d77 (webtiles) character file.

35 4thArraOfDagon the Magician (level 3, -7/24 HPs)
             Began as a Mummy Fire Elementalist on May 8, 2018.
             Mangled by p0werm0de's ghost (15 damage)
             ... on level 4 of the Dungeon.
             The game lasted 00:01:42 (1181 turns).

4thArraOfDagon the Magician (MuFE)                  Turns: 1181, Time: 00:01:43

Health: -7/24      AC:  2    Str: 11    XL:     3   Next: 16%
Magic:  2/7        EV: 12    Int: 15    God:
Gold:   71         SH:  0    Dex: 12    Spells: 4/8 levels left

rFire    x . .     SeeInvis .   (no weapon)
rCold    + . .     Gourm    .   (no shield)
rNeg     + + +     Faith    .   a - +0 robe
rPois    ∞         Spirit   .   (no helmet)
rElec    .         Reflect  .   (no cloak)
rCorr    .         Harm     .   (no gloves)
MR       .....                  (no boots)
Stlth    ++........             (no amulet)
HPRegen  0.08/turn              (no ring)
MPRegen  0.10/turn              (no ring)

@: no status effects
A: no food or potions, fire vulnerability, cold resistance 1, negative energy
resistance 3, torment resistance, unbreathing
a: no special abilities


You were on level 4 of the Dungeon.
You were not hungry.

You visited 1 branch of the dungeon, and saw 4 of its levels.

You collected 71 gold pieces.

Inventory:

Armour
 a - a +0 robe (worn)
Scrolls
 b - a scroll of enchant weapon {unknown}
 c - a scroll of blinking {unknown}
 d - 2 scrolls of remove curse {unknown}
 e - a scroll of identify {unknown}
 f - a scroll of fog {unknown}


   Skills:
 - Level 1.5 Dodging
 - Level 1.5 Stealth
 + Level 3.1 Spellcasting
 * Level 1.6 Conjurations
 * Level 2.9 Fire Magic


You had 4 spell levels left.
You knew the following spells:

 Your Spells              Type           Power        Failure   Level  Hunger
a - Flame Tongue          Conj/Fire      #....        8%          1    N/A
b - Conjure Flame         Conj/Fire      #.......     22%         3    N/A

Dungeon Overview and Level Annotations

Branches:
Dungeon (4/15)
 Temple: D:4-7

Altars:

Annotations:
D:4 p0werm0de's ghost, amateur TrFi


Innate Abilities, Weirdness & Mutations

You do not eat or drink.
Your flesh is vulnerable to fire.
You are immune to poison.
Your flesh is cold resistant. (rC+)
You are immune to negative energy. (rN+++)
You are immune to unholy pain and torment.
You can survive without breathing.


Message History

Press: ? - help, Shift-Dir - straight line, f - p0werm0de's ghost
Aim: p0werm0de's ghost (flame, lightly damaged)
The flame tongue misses p0werm0de's ghost.
P0werm0de's ghost is engulfed in blazing flames.
P0werm0de's ghost twaddles, "I had a jolly good time in life, and I have a jolly good time now!"
P0werm0de's ghost barely misses you.
Unknown command.
Unknown command.
Casting: Flame Tongue (safe; 8% risk of failure)
Confirm with . or Enter, or press ? or * to list all spells.
Aiming: Flame Tongue (safe; 8% risk of failure)
Press: ? - help, Shift-Dir - straight line, f/p - p0werm0de's ghost
Aim: p0werm0de's ghost (flame, moderately damaged)
The flame tongue hits p0werm0de's ghost.
P0werm0de's ghost appears unharmed.
P0werm0de's ghost is moderately damaged.
P0werm0de's ghost is engulfed in blazing flames.
P0werm0de's ghost hits you!
Ouch! That really hurt!
You die...

###.#####
....$...#
#.###@#####
#...W.<..!#
#.###.###.#
#.# #.# #.#
#.# #.# ..


You could see p0werm0de's ghost.

Vanquished Creatures
  An adder (D:3)
  An ooze (D:1)
  A leopard gecko (D:3)
  2 giant cockroaches (D:1)
  A goblin (D:1)
  4 hobgoblins (D:1)
  2 kobolds (D:1)
  A bat (D:1)
  2 frilled lizards
  7 rats (D:1)
22 creatures vanquished.

Notes
Turn   | Place    | Note
-------+----------+-------------------------------------------
     0 | D:1      | 4thArraOfDagon the Mummy Fire Elementalist began the quest for the Orb.
     0 | D:1      | Reached XP level 1. HP: 13/13 MP: 4/4
   127 | D:1      | Reached skill level 1 in Conjurations
   361 | D:1      | Reached XP level 2. HP: 19/19 MP: 1/5
   691 | D:1      | Reached skill level 3 in Spellcasting
  1119 | D:3      | Reached XP level 3. HP: 24/24 MP: 4/7
  1124 | D:3      | Learned a level 3 spell: Conjure Flame
  1170 | D:4      | Noticed p0werm0de's ghost (amateur TrFi)
  1181 | D:4      | Mangled by p0werm0de's ghost

Vault maps used:
D:1:      minmay_arrival_nine_rooms
D:2:      nicolae_overflow_crystal_walls, st_stairs_10
D:3:      old_standard_altar, first_ration, patterned_corridor
D:4:      marbit_many_paths, kennysheep_mini_moat, portal_sewer_entry_c,
          minmay_misc_feat_x, uniq_ijyb

Skill      XL: |  1  2 |
---------------+-------+-----
Conjurations   | 1 |  1.6
Spellcasting   | 3 |  3.1
Dodging        | |  1.5
Stealth        | |  1.5
Fire Magic     | |  2.9

Action                   || total
-------------------------++-------
Melee: Unarmed           ||    20
 Cast: Flame Tongue      ||    33
       Conjure Flame     ||     1
Armor: Robe              ||     6
Dodge: Dodged            ||    20

Table legend:
 A = Spawn XP
 B = Non-spawn XP
 C = Spawn XP percentage of total XP
 D = Spawn monster count
 E = Non-spawn monster count
 F = Spawn count percentage of total count
 G = Total turns spent on level
                    A         B        C        D         E        F      G
               +---------+---------+-------+---------+---------+-------+---------
         Total |       0 |      50 |   0.0 |       0 |      22 |   0.0 |  1181
               +---------+---------+-------+---------+---------+-------+---------
           D:1 |       0 |      33 |   0.0 |       0 |      19 |   0.0 |  1072
           D:3 |       0 |      17 |   0.0 |       0 |       3 |   0.0 |    70
               +---------+---------+-------+---------+---------+-------+---------
